 Dungeon Crawl Stone Soup version 0.27.1-15-g792fb953b9 (webtiles) character file.

Game seed: 17670825238541380411

37 Araneus the Cudgeller (level 3, -1/29 HPs)
             Began as a Demonspawn Fighter on Nov 20, 2021.
             Slain by an adder (4 damage)
             ... on level 2 of the Dungeon.
             The game lasted 00:02:27 (1354 turns).

Araneus the Cudgeller (Demonspawn Fighter)          Turns: 1354, Time: 00:02:28

Health: -1/29      AC:  7    Str: 17    XL:     3   Next: 21%
Magic:  3/3        EV:  6    Int:  9    God:
Gold:   26         SH:  8    Dex: 12    Spells: 2/2 levels left

rFire    . . .     SeeInvis +   a - +0 flail
rCold    . . .     Faith    .   c - +0 kite shield
rNeg     . . .     Spirit   .   b - +0 scale mail
rPois    .         Reflect  .   (helmet restricted)
rElec    .         Harm     .   (no cloak)
rCorr    .         Rampage  .   (no gloves)
Will     .....                  g - +0 pair of boots
Stlth    ..........             (no amulet)
HPRegen  0.09/turn              h - ring of see invisible
MPRegen  0.08/turn              (no ring)

@: lethally poisoned (-1 -> -5), attractive, hasted, very quick
A: horns 1, powered by death 1
a: no special abilities


You were on level 2 of the Dungeon.
You visited 1 branch of the dungeon, and saw 2 of its levels.

You collected 26 gold pieces.

Inventory:

Hand Weapons
 a - a +0 flail (weapon)
Armour
 b - a +0 scale mail (worn)
 c - a +0 kite shield (worn)
 g - a +0 pair of boots (worn)
Jewellery
 h - a ring of see invisible (left hand)
Scrolls
 e - a scroll of blinking {unknown}
 f - a scroll of enchant armour {unknown}
 j - a scroll of fog {unknown}
Potions
 d - a potion of might


   Skills:
 - Level 3.0 Fighting
 + Level 3.3 Maces & Flails
 - Level 2.6 Armour
 - Level 2.6 Shields


You had 2 spell levels left.
You didn't know any spells.
Your spell library was empty.

Dungeon Overview and Level Annotations

Branches:
Dungeon (2/15)

Altars:


Innate Abilities, Weirdness & Mutations

You have a pair of small horns on your head.
You regenerate a little health from kills.


Message History

You block the adder's attack.
You hit the adder. Your headbutt misses the adder.
The adder is lightly wounded.
The adder bites you.
You are poisoned.
The adder poisons you! You block the adder's attack.
You miss the adder.
The adder is lightly wounded.
You feel very sick. The adder bites you but does no damage.
You block the giant cockroach's attack. The adder bites you.
You are too injured to fight recklessly!
You are too injured to fight recklessly!
You are too injured to fight recklessly!
You are too injured to fight recklessly!
You are too injured to fight recklessly!
You are too injured to fight recklessly!
You are too injured to fight recklessly!
You are too injured to fight recklessly!
You are too injured to fight recklessly!
You are too injured to fight recklessly!
You are too injured to fight recklessly!
You are too injured to fight recklessly!
You are too injured to fight recklessly!
You feel sick. The adder bites you.
You are lethally poisoned!
The adder poisons you!
* * * LOW HITPOINT WARNING * * *
You feel sick.
* * * LOW HITPOINT WARNING * * *
You feel sick.
* * * LOW HITPOINT WARNING * * *
You feel sick. You block the adder's attack.
It was a potion of haste.
You feel yourself speed up.
* * * LOW HITPOINT WARNING * * *
You feel sick. The adder bites you but does no damage.
It was a potion of attraction.
You feel attractive to monsters. The adder bites you.
You die...

. #....... #.... .###.
#....<.. . #...#
.....######..## .. ...
#.......#..# ... ...
###.)....## .... #.#
###.......## .....###.#
###...#....##
.......#.####...###...##
......)..BS@..### #..##
......##..##### #.##
..... #...# #.# ....
#.#.# ..+ ... #.#.# ..#
(. #.#.. . #.###. #.# ..
#. #


You could see an adder and a giant cockroach.

Vanquished Creatures
  A dart slug (D:1)
  5 endoplasms (D:1)
  2 giant cockroaches
  4 goblins
  A hobgoblin (D:1)
  3 jackals (D:1)
  4 kobolds (D:1)
  2 ball pythons (D:1)
  3 bats (D:1)
  3 frilled lizards (D:1)
  5 rats
33 creatures vanquished.

Notes
Turn   | Place    | Note
-------+----------+-------------------------------------------
     0 | D:1      | Araneus the Demonspawn Fighter began the quest for the Orb.
     0 | D:1      | Reached XP level 1. HP: 18/18 MP: 1/1
   382 | D:1      | Gained mutation: You have a pair of small horns on your
                  | head. [demonic ancestry]
   382 | D:1      | Reached XP level 2. HP: 14/24 MP: 2/2
   984 | D:1      | Gained mutation: You regenerate a little health from kills.
                  | [demonic ancestry]
   984 | D:1      | Reached XP level 3. HP: 19/29 MP: 3/3
  1354 | D:2      | Slain by an adder

Illustrated notes

Levels and vault maps discovered:
D:1:      dpeg_arrival_refuge, layout_basic
D:2:      layout_rooms, dreamdust_ecumenical_altar_sealed_demon, wad_orctagon,
          uniq_natasha, uniq_robin

Skill      XL: |  1  2 |
---------------+-------+-----
Maces & Flails | 2 3 |  3.3
Fighting       | |  3.0
Armour         | |  2.6
Shields        | |  2.6

Action                   || total
-------------------------++-------
Melee: Flail             ||   100
       Headbutt          ||     8
  Use: Potion            ||     2
Armor: Scale mail        ||    63
Dodge: Dodged            ||    29
Block: Kite shield       ||    66
